 Dungeon Crawl Stone Soup version 0.29-a0-1006-g0dd7720b37 (webtiles) character file.

Game seed: 7009117501735399628

380 drpainis the Chopper (level 6, 0/56 HPs)
             Began as a Hill Orc Fighter on Aug 6, 2022.
             Was a Believer of Zin.
             Slain by gebbletook2's ghost (3 damage)
             ... on level 3 of the Dungeon.
             The game lasted 00:05:40 (3428 turns).

drpainis the Chopper (Hill Orc Fighter)             Turns: 3428, Time: 00:05:40

Health: 0/56       AC:  9    Str: 22    XL:     6   Next: 75%
Magic:  5/6        EV: 10    Int:  9    God:    Zin [**....]
Gold:   207        SH:  0    Dex: 11    Spells: 5/5 levels left

rFire   . . .      SeeInvis .   m - +2 scythe (vorpal)
rCold   . . .      Faith    .   (shield currently unavailable)
rNeg    . . .      Spirit   .   b - +0 scale mail
rPois   ∞          Reflect  .   q - +0 helmet
rElec   .          Harm     .   g - +0 cloak
rCorr   .          Rampage  .   (no gloves)
Will    .....                   (no boots)
Stlth   ..........              (no amulet)
HPRegen 0.18/turn               (no ring)
MPRegen 0.10/turn               (no ring)

@: mighty, vitalised, on recite cooldown
A: no striking features
a: Renounce Religion, Recite, Vitalisation, Donate Gold


You were on level 3 of the Dungeon.
You worshipped Zin.
Zin was pleased with you.
You visited 1 branch of the dungeon, and saw 3 of its levels.

You collected 230 gold pieces.
You donated 23 gold pieces to Zin.

Inventory:

Hand Weapons
 a - a +0 war axe
 c - a +2 quarterstaff of chaos
 m - a +2 vorpal scythe (weapon)
Armour
 b - a +0 scale mail (worn)
 g - a +0 cloak (worn)
 p - a +0 cloak
 q - a +0 helmet (worn)
Jewellery
 k - a ring of protection from cold
 t - a ring of wizardry
Wands
 n - a wand of light (8)
Scrolls
 f - 2 scrolls of immolation {unknown}
 h - 3 scrolls of teleportation
 i - a scroll of noise {unknown}
 l - 3 scrolls of identify {unknown}
 r - a scroll of poison {unknown}
 v - a scroll of brand weapon {unknown}
Potions
 e - 4 potions of flight {unknown}
 j - a potion of haste {unknown}
 o - a potion of curing
 s - a potion of mutation {unknown}
 u - a potion of brilliance {unknown}


   Skills:
 + Level 5.2 Fighting
 + Level 6.4(6.5) Axes
 + Level 1.3(3.6) Polearms
 + Level 4.2 Armour
 + Level 0.7 Dodging
 + Level 0.5 Stealth
 + Level 3.7 Shields
 + Level 0.2 Invocations


You had 5 spell levels left.
You didn't know any spells.
Your spell library contained the following spells:

 Spells                   Type           Power      Damage    Failure   Level
 Portal Projectile        Hex/Tloc       0%         N/A       97%         3
 Tukima's Dance           Hex            0%         N/A       97%         3
 Blade Hands              Tmut           0%         N/A       100%        5


Dungeon Overview and Level Annotations

Branches:
Dungeon (3/15)

Altars:
Fedhas
Zin

Annotations:
D:3 gebbletook2's ghost, novice VSFi


Message History

You barely miss the worm.
The worm is almost dead.
The hobgoblin seems less confused.
The bat completely misses you. The bat hits you but does no damage.
Gebbletook2's ghost hits you! The worm completely misses you.
Gebbletook2's ghost misses you. The hobgoblin closely misses you.
Unknown command.
You slash the hobgoblin!
You kill the hobgoblin!
The bat barely misses you.
Gebbletook2's ghost hits you but does no damage.
The worm bites you.
You slash the worm!
You kill the worm!
The bat hits you but does no damage. Gebbletook2's ghost hits you.
You barely miss the orc. The bat hits you but does no damage.
Gebbletook2's ghost hits you! The orc hits you with a +0 war axe.
The orc hits you but does no damage. Gebbletook2's ghost hits you.
You hit the orc.
The orc is almost dead.
The bat completely misses you. Gebbletook2's ghost hits you.
The orc barely misses you.
You completely miss the orc.
The orc is almost dead.
The orc stops glowing.
The bat hits you but does no damage.
Gebbletook2's ghost completely misses you.
The orc hits you with a +0 war axe!
* * * LOW HITPOINT WARNING * * *
Okay, then.
You feel better. The bat barely misses you. The orc barely misses you.
Gebbletook2's ghost hits you!
* * * LOW HITPOINT WARNING * * *
You feel better. The bat hits you but does no damage. The orc misses you.
Gebbletook2's ghost hits you!
* * * LOW HITPOINT WARNING * * *
The bat hits you but does no damage.
You feel mightier all of a sudden. The bat barely misses you.
The orc closely misses you. Gebbletook2's ghost hits you.
You die...

#.....#.......#.........#
#.
#.#...#...)...#.........#
#.
#.##..#.##.##.#.........#
#. # ...#.
#.##.#.........# #.
.#).#.##.##.#.........#
## #.......#.)...>...#
#.......#...[.....#
..###'Wo###.........#
...!...@b..(.########
.......).....###########
...##......#............
# ######.############.
#######......).......
#....†...###########.
#.######.# #.
#.##.####.#.# #.
#........<#.# #.


You could see gebbletook2's ghost, an orc and a bat.

Vanquished Creatures
  Sigmund (D:2)
  A howler monkey (D:3)
  Crazy Yiuf (D:2)
  Jessica (D:2)
  Robin (D:2)
  4 adders (D:2)
  2 worms (D:3)
  3 dart slugs
  An orc (D:3)
  2 endoplasms
  3 giant cockroaches
  15 goblins
  8 hobgoblins
  2 quokkas (D:2)
  3 ball pythons
  3 bats
  6 frilled lizards
  4 kobolds
  5 rats
66 creatures vanquished.

Vanquished Creatures (others)
  A fungus (D:3)
  4 toadstools (D:3)
5 creatures vanquished.

Grand Total: 71 creatures vanquished

Notes
Turn   | Place    | Note
-------+----------+-------------------------------------------
     0 | D:1      | drpainis the Hill Orc Fighter began the quest for the Orb.
     0 | D:1      | Reached XP level 1. HP: 19/19 MP: 1/1
   100 | D:1      | Reached XP level 2. HP: 24/27 MP: 2/2
   580 | D:1      | Reached skill level 3 in Axes
   635 | D:1      | Reached XP level 3. HP: 33/33 MP: 3/3
  1090 | D:2      | Noticed Jessica
  1094 | D:2      | Killed Jessica
  1095 | D:2      | Reached skill level 4 in Axes
  1095 | D:2      | Reached XP level 4. HP: 41/41 MP: 4/4
  1243 | D:2      | Found a runed translucent door.
  1244 | D:2      | Noticed Crazy Yiuf
  1382 | D:2      | Noticed Sigmund
  1424 | D:2      | Killed Sigmund
  1425 | D:2      | Reached skill level 6 in Axes
  1425 | D:2      | Reached XP level 5. HP: 8/47 MP: 5/5
  1425 | D:2      | Reached XP level 6. HP: 10/55 MP: 6/6
  1941 | D:2      | Killed Crazy Yiuf
  1942 | D:2      | Reached skill level 5 in Fighting
  2220 | D:2      | Noticed Robin
  2231 | D:2      | Killed Robin
  3023 | D:3      | Found a runed translucent gate.
  3023 | D:3      | Found a runed translucent gate.
  3024 | D:3      | Found a runed translucent gate.
  3034 | D:3      | Noticed gebbletook2's ghost (novice VSFi)
  3051 | D:3      | Reached skill level 1 in Polearms
  3170 | D:3      | Found a faded altar of an unknown god.
  3205 | D:3      | Prayed at the altar of an unknown god.
  3205 | D:3      | Became a worshipper of Zin the Law-Giver
  3205 | D:3      | Reached * piety under Zin
  3205 | D:3      | Reached ** piety under Zin
  3341 | D:3      | Found a blossoming altar of Fedhas.
  3428 | D:3      | Slain by gebbletook2's ghost

Illustrated notes

Levels and vault maps discovered:
D:1:      lemuel_arrival_rhombus, layout_basic
D:2:      layout_loops_cross, uniq_sigmund, uniq_jessica, uniq_robin,
          uniq_crazy_yiuf_cottage
D:3:      layout_basic, mainiacjoe_overflow_surrounded_room,
          shapermc_ecumenical_altar_starsandcircs, gammafunk_ghost_split,
          minmay_gold_behind_fungi

Skill      XL: |  1  2  3  4  5  6 |
---------------+-------------------+-----
Fighting       | 4 5 |  5.2
Axes           | 3 4 6 |  6.4
Armour         | 4 |  4.2
Polearms       | 1 |  1.3
Dodging        | |  0.7
Stealth        | |  0.5
Shields        | |  3.7
Invocations    | |  0.2

Action                   |  1- 3 |  4- 6 || total
-------------------------+-------+-------++-------
Melee: War axe           |    70 |    16 ||    86
       Halberd           |       |    72 ||    72
Invok: Recite            |       |     2 ||     2
       Vitalisation      |       |     1 ||     1
  Use: Potion            |       |     5 ||     5
       Scroll            |       |     1 ||     1
Armor: Scale mail        |    37 |    71 ||   108
Dodge: Dodged            |    27 |    70 ||    97
Block: Buckler           |    25 |     3 ||    28

Table legend: (Time is in decaauts)
 A = Elapsed time spent in this place.
 B = Non-inter-level travel time spent in this place.
 C = Inter-level travel time spent in this place.
 D = Time resting spent in this place.
 E = Time spent auto-exploring this place.
 F = Levels seen in this place.
 G = Mean time per level.
                   A        B        C        D        E       F      G
               +--------+--------+--------+--------+--------+-----+--------+
         Total |   3486 |   3293 |    193 |    893 |   1591 |   3 | 1162.0 |
       Dungeon |   3486 |   3293 |    193 |    893 |   1591 |   3 | 1162.0 |
               +--------+--------+--------+--------+--------+-----+--------+

Top non-repeatable levels by time:
     D:2: 2172 daAuts
     D:1: 880 daAuts
     D:3: 433 daAuts
